 Dungeon Crawl Stone Soup version 0.21.1-1-g345015f (webtiles) character file.

106 Kairos the Chopper (level 4, -12/42 HPs)
             Began as a Deep Dwarf Fighter on Apr 12, 2018.
             Mangled by Pikel
             ... wielding a +0 whip of electrocution
              (17 damage)
             ... on level 4 of the Dungeon.
             The game lasted 00:03:16 (1927 turns).

Kairos the Chopper (Deep Dwarf Fighter)             Turns: 1927, Time: 00:03:17

Health: -12/42     AC:  9    Str: 20    XL:     4   Next: 55%
Magic:  4/4        EV:  6    Int:  8    God:
Gold:   100        SH:  9    Dex: 13    Spells: 3/3 levels left

rFire    . . .     SeeInvis .   a - +0 war axe
rCold    . . .     Gourm    .   c - +0 shield
rNeg     . . .     Faith    .   k - +0 chain mail
rPois    .         Spirit   .   (no helmet)
rElec    .         Reflect  .   (no cloak)
rCorr    .         Harm     .   (no gloves)
MR       .....                  (no boots)
Stlth    ..........             (no amulet)
HPRegen  0.00/turn              (no ring)
MPRegen  0.09/turn              (no ring)

@: non-regenerating, hasted, very quick
A: damage resistance, heal wounds, sense surroundings 1, no regeneration
a: Heal Wounds


You were on level 4 of the Dungeon.
You were hungry.

You visited 1 branch of the dungeon, and saw 4 of its levels.

You collected 100 gold pieces.

Inventory:

Hand Weapons
 a - a +0 war axe (weapon)
Missiles
 m - 7 tomahawks (quivered)
Armour
 b - a +0 scale mail
 c - a +0 shield (worn)
 k - a +0 chain mail (worn)
Scrolls
 e - 3 scrolls of identify {unknown}
 g - a scroll of fear {unknown}
 h - 3 scrolls of remove curse {unknown}
 i - 2 scrolls of amnesia {unknown}
 l - a scroll of enchant armour {unknown}
Potions
 d - 2 potions of might
 j - a potion of agility {unknown}
 n - 2 potions of lignification {unknown}
 o - a potion of brilliance {unknown}
 p - a potion of haste
 q - a potion of resistance {unknown}
 r - a potion of degeneration {unknown}
Comestibles
 f - 9 rations


   Skills:
 + Level 3.0 Fighting
 + Level 4.0 Axes
 + Level 3.8 Armour
 + Level 1.3 Dodging
 + Level 3.7 Shields


You had 3 spell levels left.
You didn't know any spells.

Dungeon Overview and Level Annotations

Branches:
Dungeon (4/15)
 Temple: D:4-7

Altars:
Gozag
Kikubaaqudgha
Okawaru
Ru
Sif Muna

Annotations:
D:4 Pikel


Innate Abilities, Weirdness & Mutations

You are resistant to damage.
You can heal yourself by infusing magical energy.
You passively map a small area around you.
You do not regenerate.


Message History

You slash Pikel!
Pikel is moderately wounded.
You closely miss the slave.
Your shield and chain mail prevent you from hitting the slave.
You hit the shadow imp. You closely miss the slave.
You block the slave's attack.
The shadow imp hits you but does no damage.
The slave hits you but does no damage. You block the slave's attack.
You closely miss Pikel.
Pikel is moderately wounded.
You miss the slave. You closely miss the shadow imp.
Your shield and chain mail prevent you from hitting the slave.
You hit the slave but do no damage. Pikel barely misses you.
The slave barely misses you. The shadow imp hits you.
You block the slave's attack. The slave hits you.
* * * LOW HITPOINT WARNING * * *
Pikel hits you with a whip of electrocution.
* * * LOW HITPOINT WARNING * * *
You are electrocuted!
You die...

≈≈...# #....#.....>......#
#....###....#............#
#+.#...#....########'##..#
.......#..............#..#
).....................#..#
.......'..............'..#
.......#..............#####
.......#####.......'#.....#
..............5p@...#.....#
.............pp.K...#.....#
...........####p..........#
.....#...........#..#######
####.............#.......#
...#.............#.......#
...#.............#.......#
...#.............#.......#
...#.............+.......#


You could see Pikel, 4 slaves and a shadow imp.

Vanquished Creatures
  5 adders
  An ooze (D:1)
  3 dart slugs
  An orc (D:4)
  5 giant cockroaches
  5 goblins
  3 hobgoblins
  6 bats
  4 frilled lizards
  11 kobolds
  10 rats
54 creatures vanquished.

Notes
Turn   | Place    | Note
-------+----------+-------------------------------------------
     0 | D:1      | Kairos the Deep Dwarf Fighter began the quest for the Orb.
     0 | D:1      | Reached XP level 1. HP: 20/20 MP: 1/1
   146 | D:1      | Reached XP level 2. HP: 22/27 MP: 2/2
   323 | D:1      | Reached skill level 3 in Axes
   379 | D:1      | Reached XP level 3. HP: 22/34 MP: 3/3
   911 | D:2      | Found an opulent altar of Gozag.
   966 | D:2      | Reached skill level 1 in Dodging
  1186 | D:2      | Reached XP level 4. HP: 27/42 MP: 4/4
  1220 | D:3      | Found a sacrificial altar of Ru.
  1461 | D:3      | Found a deep blue altar of Sif Muna.
  1504 | D:3      | Found an iron altar of Okawaru.
  1504 | D:3      | Found an ancient bone altar of Kikubaaqudgha.
  1804 | D:4      | Reached skill level 4 in Axes
  1833 | D:4      | Noticed a slave
  1834 | D:4      | Noticed a slave
  1835 | D:4      | Noticed Pikel
  1835 | D:4      | Noticed a slave
  1835 | D:4      | Noticed a slave
  1927 | D:4      | Mangled by Pikel

Skill      XL: |  1  2  3  4 |
---------------+-------------+-----
Axes           | 3 4 |  4.0
Fighting       | 3 |  3.0
Dodging        | 1 |  1.3
Armour         | |  3.8
Shields        | |  3.7

Action                   |  1- 3 |  4- 6 || total
-------------------------+-------+-------++-------
Melee: War axe           |   134 |    48 ||   182
  Use: Potion            |       |     1 ||     1
  Eat: Chunk             |     1 |     2 ||     3
Armor: Scale mail        |    48 |       ||    48
       Chain mail        |    27 |    33 ||    60
Dodge: Dodged            |    41 |    15 ||    56
Block: Shield            |    77 |    27 ||   104
